 Dungeon Crawl Stone Soup version 0.27.0-1-g7a08968 (webtiles) character file.

Game seed: 1830381213611399043

19 Illumine the Sneak (level 2, -2/13 HPs)
             Began as a Kobold Enchanter on Aug 29, 2021.
             Slain by a goblin (3 damage)
             ... on level 2 of the Dungeon.
             The game lasted 00:02:18 (559 turns).

Illumine the Sneak (Kobold Enchanter)                Turns: 559, Time: 00:02:19

Health: -2/13      AC:  3    Str:  5    XL:     2   Next: 95%
Magic:  2/5        EV: 15    Int: 16    God:
Gold:   38         SH:  0    Dex: 15    Spells: 2/5 levels left

rFire    . . .     SeeInvis .   a - +1 dagger
rCold    . . .     Faith    .   (shield restricted)
rNeg     . . .     Spirit   .   b - +0 robe
rPois    .         Reflect  .   (no helmet)
rElec    .         Harm     .   (no cloak)
rCorr    .         Rampage  .   c - +0 pair of gloves
Will     .....                  (no boots)
Stlth    ++++......             (no amulet)
HPRegen  0.00/turn              (no ring)
MPRegen  0.09/turn              (no ring)

@: inhibited regen
A: small, no large weapons, nightstalker 3, hooves 1, frail 1, inhibited
regeneration
a: no special abilities


You were on level 2 of the Dungeon.
You visited 1 branch of the dungeon, and saw 2 of its levels.

You collected 38 gold pieces.

Inventory:

Hand Weapons
 a - a +1 dagger (weapon)
Armour
 b - a +0 robe (worn)
 c - a +0 pair of gloves (worn)
Potions
 d - a potion of mutation


   Skills:
 + Level 2.5 Short Blades
 - Level 2.4 Dodging
 + Level 4.7 Stealth
 - Level 2.2 Spellcasting
 - Level 3.0 Hexes


You had 2 spell levels left.
You knew the following spells:

 Your Spells              Type           Power      Damage    Failure   Level
a - Corona                Hex            12%        N/A       6%          1
b - Ensorcelled Hibernat  Hex/Ice        12%        N/A       17%         2

Your spell library contained the following spells:

 Spells                   Type           Power      Damage    Failure   Level
 Confusing Touch          Hex            11%        N/A       17%         3
 Tukima's Dance           Hex            11%        N/A       17%         3
 Dazzling Flash           Conj/Hex       12%        N/A       32%         3


Dungeon Overview and Level Annotations

Branches:
Dungeon (2/15)

Altars:


Innate Abilities, Weirdness & Mutations

You are small and have problems with some larger weapons.
You are completely attuned to the shadows.
You have large cloven feet.
You are frail. (-10% HP)
You do not regenerate when monsters are visible.


Message History

You don't have enough magic to cast this spell.
Unknown command.
The adder closely misses you.
Your magical contamination has completely faded away.
The adder barely misses you.
You open the door. The adder bites you but does no damage.
The adder closely misses you.
There is an open door here.
You completely miss the adder. The adder misses you.
The adder barely misses you.
Found 17 gold pieces.
The goblin completely misses you. The adder bites you.
* * * LOW HITPOINT WARNING * * *
There is a stone staircase leading up here.
The goblin closely misses you. The adder bites you but does no damage.
You climb upwards.
The hobgoblin hits you but does no damage.
There is a stone staircase leading down here.
Unknown command.
Casting: Ensorcelled Hibernation (safe; 17% risk of failure)
Confirm with . or Enter, or press ? or * to list all spells.
Okay, then.
It was a potion of mutation.
You feel extremely strange.
Your regeneration stops near monsters.
You feel frail.
Your feet thicken and deform.
The adder barely misses you. The hobgoblin misses you.
The goblin barely misses you.
You hit the hobgoblin.
The hobgoblin is lightly wounded.
The adder barely misses you. The hobgoblin misses you.
The goblin hits you with a +0 club.
* * * LOW HITPOINT WARNING * * *
Unknown command.
Really quaff the potion of mutation?
Okay, then.
Unknown command.
The adder bites you but does no damage. The hobgoblin closely misses you.
The goblin hits you but does no damage. The adder barely misses you.
You climb downwards.
The goblin misses you. The goblin hits you with a +0 club.
You die...

.b$..#
......#
.......#
........#####
.........S@g#
..........gg#
#..........#
#.#'#......#
#.#......#
#.#......#
#.#..#####
#.#..# #.#..#


You could see an adder, a hobgoblin and 2 goblins.

Vanquished Creatures
  A gnoll (D:1)
  2 ball pythons (D:1)
  2 goblins (D:1)
  A hobgoblin (D:2)
  2 kobolds (D:1)
  A frilled lizard (D:1)
9 creatures vanquished.

Notes
Turn   | Place    | Note
-------+----------+-------------------------------------------
     0 | D:1      | Illumine the Kobold Enchanter began the quest for the Orb.
     0 | D:1      | Reached XP level 1. HP: 10/10 MP: 3/3
    89 | D:1      | Reached XP level 2. HP: 15/15 MP: 5/5
   509 | D:2      | Learned a level 2 spell: Ensorcelled Hibernation
   556 | D:1      | Gained mutation: You do not regenerate when monsters are
                  | visible. [potion of mutation]
   556 | D:1      | Gained mutation: You are frail. (-10% HP) [potion of
                  | mutation]
   556 | D:1      | Gained mutation: You have large cloven feet. [potion of
                  | mutation]
   559 | D:2      | Slain by a goblin

Illustrated notes

Levels and vault maps discovered:
D:1:      nzn_arrival_settlement, layout_loops_ring, serial_rivers,
          chequers_serial_rivers_micro_b, chequers_serial_rivers_micro_c,
          chequers_serial_rivers_marsh, chequers_serial_rivers_large_a,
          ebering_ecumenical_altar_petrified
D:2:      cheibrodos_helix_gallery, layout_basic, roderic_roman_lattice,
          nrook_loot_triangle, chequers_mini_garden

Skill      XL: |  1 |
---------------+----+-----
Short Blades   | 2 |  2.5
Dodging        | |  2.4
Stealth        | |  4.7
Spellcasting   | |  2.2
Hexes          | |  3.0

Action                   || total
-------------------------++-------
Melee: Dagger            ||    22
 Cast: Corona            ||     5
       Ensorcelled Hiber ||     1
  Use: Potion            ||     1
 Stab: Sleeping          ||     6
Armor: Robe              ||     9
Dodge: Dodged            ||    41
